 Dungeon Crawl Stone Soup version 0.30.0-29-ga12c61a403 (webtiles) character file.

Game seed: 17789741069650806098

40 Senryu the Trooper (level 3, -2/31 HPs)
             Began as a Draconian Monk on June 15, 2023.
             Slain by a gnoll
             ... wielding a +0 flail
             ... led by a gnoll bouda
              (11 damage)
             ... on level 3 of the Dungeon.
             The game lasted 00:03:54 (908 turns).

Senryu the Trooper (Draconian Monk)                  Turns: 908, Time: 00:03:55

Health: -2/31      AC:  6    Str: 15    XL:     3   Next: 30%
Magic:  13/13      EV: 12    Int: 13    God:
Gold:   44         SH:  0    Dex: 13    Spells: 0/3 levels left

rFire   . . .        m - +0 triple sword (heavy)
rCold   . . .        (shield currently unavailable)
rNeg    . . .        (body armour unavailable)
rPois   .            l - +1 hat of the Ward {MP+9 Int+3}
rElec   .            (no cloak)
rCorr   .            (no gloves)
SInv    .            (no boots)
Will    .....        n - amulet of regeneration
Stlth   +            (no ring)
HPRegen 1.05/turn    (no ring)
MPRegen 0.13/turn

%: no passive effects
@: weakened
A: AC +5, unfitting armour, cold-blooded
a: no special abilities


You were on level 3 of the Dungeon.
You visited 1 branch of the dungeon, and saw 3 of its levels.

You collected 44 gold pieces.

Inventory:

Hand Weapons
 a - a +0 hand axe
 m - a +0 heavy triple sword (weapon)
Armour
 c - an orb of light
 l - the +1 hat of the Ward (worn) {MP+9 Int+3}
   (You acquired it on level 2 of the Dungeon)

   Int:       It affects your intelligence (+3).
   MP:        It affects your magic capacity (+9).
Jewellery
 n - an amulet of regeneration (around neck)
Scrolls
 e - a scroll of teleportation
 g - a scroll of identify {unknown}
 h - a scroll of fog {unknown}
 j - a scroll of immolation {unknown}
 k - a scroll of butterflies {unknown}
 p - a scroll of amnesia {unknown}
Potions
 d - a potion of heal wounds {unknown}
 f - a potion of degeneration {unknown}
 i - a potion of mutation {unknown}
 o - a potion of lignification {unknown}


   Skills:
 * Level 3.6 Fighting
 * Level 0.2 Long Blades
 * Level 3.4 Axes
 * Level 3.0 Dodging
 * Level 0.5 Stealth
 * Level 0.7 Spellcasting
 * Level 0.6 Transmutations


You couldn't memorise any spells.
You knew the following spells:

 Your Spells              Type           Power      Damage    Failure   Level
a - Beastly Appendage     Tmut           4%         N/A       22%         1
b - Wereblood             Tmut           2%         N/A       34%         2

Your spell library contained the following spells:

 Spells                   Type           Power      Damage    Failure   Level
 Sublimation of Blood     Necr           0%         N/A       41%         2
 Spider Form              Tmut/Pois      1%         N/A       61%         3
 Vhi's Electric Charge    Tloc/Air       0%         N/A       65%         3
 Arcjolt                  Conj/Air       0%         1d10      100%        5
 Summon Hydra             Summ           0%         N/A       100%        7
 Maxwell's Capacitive Co  Air            0%         ∞         100%        8


Dungeon Overview and Level Annotations

Branches:
Dungeon (3/15)

Altars:
Fedhas
Yredelemnul


Innate Abilities, Weirdness & Mutations

Your plain brown scales are hard. (AC +5)
You cannot fit into any form of body armour.
You are cold-blooded and may be slowed by cold attacks.


Message History

You are confused.
You feel invigorated. The gnoll hits you with a +0 flail.
* * * LOW HITPOINT WARNING * * *
The gnoll bouda hits you with a +0 whip.
* * * LOW HITPOINT WARNING * * *
You barely miss the gnoll.
The gnoll is no longer moving quickly.
The gnoll closely misses you.
The gnoll bouda gazes fiercely through you!
You feel your attacks grow feeble. The gnoll bouda barely misses you.
The gnoll closely misses you.
The gnoll bouda barks out a call to the hunt!
The gnoll picks up the pace!
The gnoll hits you with a +0 flail. The gnoll bouda closely misses you.
You slash the gnoll bouda!
The gnoll bouda is moderately wounded.
The gnoll hits you but does no damage.
The gnoll bouda calls upon its god to heal the gnoll.
The gnoll is healed somewhat.
The gnoll hits you with a +0 flail.
The gnoll bouda barks out a call to the hunt!
The gnoll picks up the pace!
The gnoll hits you with a +0 flail.
You're too confused to move!
You feel less invigorated.
You feel less confused. The gnoll bouda closely misses you.
The gnoll hits you but does no damage.
You barely miss the gnoll bouda.
The gnoll bouda is moderately wounded.
The gnoll bouda hits you with a +0 whip.
The gnoll hits you with a +0 flail. The gnoll bouda misses you.
The gnoll hits you with a +0 flail! The gnoll bouda closely misses you.
You barely miss the gnoll bouda.
The gnoll bouda is moderately wounded.
Your attacks no longer feel as feeble.
The gnoll is no longer moving quickly.
The gnoll barely misses you.
The gnoll bouda hits you with a +0 whip.
The gnoll hits you with a +0 flail.
* * * LOW HITPOINT WARNING * * *
The gnoll bouda gazes fiercely through you!
You feel your attacks grow feeble. The gnoll bouda closely misses you.
The gnoll hits you with a +0 flail!
You die...

## # .######
#.#########.gg..gg
#g@ggg....#
#.≈≈≈≈≈≈≈.#
#≈..≈≈≈..≈#
#≈.≈...≈.≈#
#≈.≈._[≈.≈#
#≈.≈...≈.≈#
#≈..≈≈≈..≈#
#.≈≈≈≈≈≈≈.#
.........##


You could see a gnoll bouda and 3 gnolls.

Vanquished Creatures
  A gnoll (D:3)
  A worm (D:2)
  3 ball pythons
  3 endoplasms (D:2)
  A giant cockroach (D:3)
  A goblin (D:2)
  2 hobgoblins (D:2)
  A kobold (D:2)
  A quokka (D:2)
  5 bats
  3 frilled lizards
  5 rats
27 creatures vanquished.

Notes
Turn   | Place    | Note
-------+----------+-------------------------------------------
     0 | D:1      | Senryu the Draconian Monk began the quest for the Orb.
     0 | D:1      | Reached XP level 1. HP: 19/19 MP: 1/1
   241 | D:1      | Reached XP level 2. HP: 26/26 MP: 2/2
   290 | D:1      | Learned a level 1 spell: Beastly Appendage
   542 | D:2      | Identified 3 scrolls of acquirement
   542 | D:2      | Acquired a +0 heavy triple sword
   550 | D:2      | Acquired an amulet of regeneration
   557 | D:2      | Acquired the +1 hat of the Ward {MP+9 Int+3}
   827 | D:2      | Reached XP level 3. HP: 31/31 MP: 3/3
   831 | D:2      | Learned a level 2 spell: Wereblood
   837 | D:3      | Found a blossoming altar of Fedhas.
   879 | D:3      | Found a basalt altar of Yredelemnul.
   908 | D:3      | Slain by a gnoll

Illustrated notes

Levels and vault maps discovered:
D:1:      nzn_arrival_depleted_hourglass, layout_loops_ring
D:2:      layout_basic, chequers_serial_rivers_marsh, minmay_misc_feat_enclosed,
          uniq_crazy_yiuf_cottage
D:3:      cheibrodos_old_hovel, layout_basic, mainiacjoe_overflow_paths,
          fedhas_altar_2, kennysheep_decorative_pillar

Skill      XL: |  1  2  3 |
---------------+----------+-----
Dodging        | 3 |  3.0
Fighting       | |  3.6
Long Blades    | |  0.2
Axes           | |  3.4
Stealth        | |  0.5
Spellcasting   | |  0.7
Transmutations | |  0.6

Action                     || total
---------------------------++-------
  Melee: Hand axe          ||    46
         Tailslap          ||     7
         Triple sword      ||    18
    Use: Scroll            ||     4
         Potion            ||     1
   Stab: Sleeping          ||     1
 Armour: Skin              ||    33
  Dodge: Dodged            ||    57
